AoeStats
← Chewy

Socotra

506992776Analyzed
4v4 RM · 15d ago on Sep 16, 2026· 34m 34s· 8 players
Game mode
Random Map
Map size
148×148
Population
200
Speed
Normal
Resources
Standard
Victory
Conquest
Starting age
Dark Age
Ending age
Imperial Age
RankedLock teamsTeams togetherTeam positionsShared explorationLock speedFull tech treeHidden civsTurbo modeCheats
Victory
Defeat
🇺🇸 Teutons · United States
1184
+33
🇵🇦 Aztecs · Panama
1023
+18
🇺🇸 Bulgarians · United States
997
+19
🇻🇪 Poles · Venezuela
968
+21
1101
-19
🇲🇾 Saracens · Malaysia
1085
-18
🇺🇸 Japanese · United States
1065
-17
🇲🇾 Spanish · Malaysia
1037
-16
TeamBudRage
4:03 Loom
10:55 Feudal Age
11:15 Man-at-Arms
22:39 Horse Collar
22:53 Double-Bit Axe
27:45 Castle Age
26:23 Gold Mining
27:07 Stone Mining
29:19 Wheelbarrow
31:52 Pikeman
Evolt
7:46 Loom
10:01 Feudal Age
16:37 Double-Bit Axe
26:24 Castle Age
26:34 Crossbowman
27:20 Fletching
29:01 Bodkin Arrow
p44n
10:35 Feudal Age
13:00 Loom
15:46 Double-Bit Axe
17:28 Fletching
17:39 Padded Archer Armor
18:53 Wheelbarrow
20:08 Scale Mail Armor
24:11 Castle Age
22:00 Horse Collar
23:19 Forging
23:22 Stone Mining
23:25 Gold Mining
25:17 Hand Cart
25:40 Stone Shaft Mining
25:51 Bow Saw
26:43 Squires
26:06 Pikeman
28:06 Heavy Plow
28:21 Bodkin Arrow
28:51 Leather Archer Armor
28:42 Scale Barding Armor
30:18 Squires
30:41 Chain Mail Armor
32:06 Iron Casting
Thiếu Tá Võ Nguyên GIáp
0:46 Loom
13:24 Feudal Age
14:56 Wheelbarrow
14:20 Double-Bit Axe
17:34 Bloodlines
18:28 Scale Barding Armor
20:58 Gold Mining
26:11 Castle Age
25:08 Forging
26:20 Stone Mining
28:02 Bow Saw
28:15 Husbandry
30:44 Iron Casting
31:18 Caravan
33:42 Gold Shaft Mining
halgorithm
6:00 Loom
11:16 Feudal Age
11:46 Double-Bit Axe
13:31 Forging
18:31 Scale Barding Armor
21:54 Castle Age
23:17 Scale Mail Armor
23:53 Iron Casting
24:27 Wheelbarrow
24:07 Bow Saw
24:02 Stone Mining
27:27 Gold Mining
28:36 Horse Collar
29:18 Chain Barding Armor
30:32 Fletching
31:30 Bodkin Arrow
LuichoX
2:26 Loom
6:30 Loom
8:49 Feudal Age
9:54 Double-Bit Axe
15:10 Forging
17:10 Scale Barding Armor
21:52 Castle Age
20:10 Bloodlines
19:45 Horse Collar
23:10 Iron Casting
22:58 Chain Barding Armor
25:09 Iron Casting
26:27 Husbandry
30:21 Gold Mining
35:16 Bow Saw
Diosito
3:06 Loom
6:57 Loom
11:00 Feudal Age
15:52 Castle Age
14:47 Double-Bit Axe
15:01 Horse Collar
17:21 Squires
18:06 Scale Mail Armor
22:40 Eagle Warrior
24:42 Arson
26:40 Forging
27:34 Wheelbarrow
27:45 Chain Mail Armor
29:06 Town Watch
34:49 Iron Casting
Chewy
5:51 Loom
8:43 Feudal Age
13:26 Fletching
20:34 Double-Bit Axe
27:19 Castle Age
26:33 Stone Mining
27:10 Horse Collar
28:03 Scale Mail Armor
28:13 Forging
29:03 Bodkin Arrow
30:14 Gold Mining
30:54 Bow Saw
32:20 Ballistics
34:38 Wheelbarrow
35:12 Padded Archer Armor
Connection lost

Rejoining the realm…

Still unreachable

The connection could not be restored.

Session expired

The server has moved on; the page needs a fresh start.